AoeStats
← Dirty Dan

Arabia

509194782Analyzed
3v3 RM · 6d ago on Sep 25, 2026· 28m 27s· 6 players
Game mode
Random Map
Map size
Normal (6 player)
Population
200
Speed
Normal
Resources
Standard
Victory
Conquest
Starting age
Dark Age
Ending age
Imperial Age
RankedLock teamsTeams togetherTeam positionsShared explorationLock speedFull tech treeHidden civsTurbo modeCheats
Victory
Defeat
🇩🇪 Romans · Germany
1073
+16
🇩🇪 Saracens · Germany
1069
+16
🇩🇪 Franks · Germany
1052
+17
🇸🇪 Georgians · Sweden
1115
-18
🇸🇪 Varangians · Sweden
1112
-17
🇸🇪 Hindustanis · Sweden
1005
-14
schmitz89
10:20 Feudal Age
10:36 Man-at-Arms
11:15 Double-Bit Axe
19:42 Castle Age
18:26 Scale Mail Armor
19:35 Forging
19:15 Horse Collar
19:58 Loom
21:00 Long Swordsman
22:17 Bow Saw
22:46 Squires
22:20 Pikeman
25:09 Chain Mail Armor
29:10 Wheelbarrow
Dirty Dan
11:36 Feudal Age
17:17 Castle Age
16:09 Double-Bit Axe
16:14 Loom
27:58 Scale Barding Armor
28:05 Forging
Dagobert
2:29 Loom
9:19 Feudal Age
12:22 Fletching
14:02 Double-Bit Axe
16:26 Padded Archer Armor
22:25 Castle Age
22:26 Crossbowman
25:08 Bodkin Arrow
Iznogoud
6:30 Loom
10:47 Feudal Age
12:25 Double-Bit Axe
12:25 Horse Collar
13:09 Bloodlines
Youngblood
0:28 Loom
11:39 Feudal Age
12:23 Double-Bit Axe
12:29 Horse Collar
15:24 Wheelbarrow
20:28 Castle Age
21:49 Bloodlines
21:56 Forging
21:53 Scale Barding Armor
22:45 Hand Cart
25:16 Elite Skirmisher
28:37 Padded Archer Armor
28:28 Fletching
Koffan
5:54 Loom
12:17 Feudal Age
13:44 Wheelbarrow
15:36 Horse Collar
19:33 Scale Barding Armor
23:55 Castle Age
22:16 Double-Bit Axe
22:27 Stone Mining
23:25 Bloodlines
23:17 Fletching
23:55 Gold Mining
25:18 Bow Saw
26:52 Chain Barding Armor
Connection lost

Rejoining the realm…

Still unreachable

The connection could not be restored.

Session expired

The server has moved on; the page needs a fresh start.